 Dungeon Crawl Stone Soup version 0.28.0-47-ge53b351184 (webtiles) character file.

Game seed: 2826686165166767271

211 Exodus22XD the Magician (level 5, -2/28 HPs)
             Began as a Deep Elf Conjurer on Apr 29, 2022.
             Slain by an orc
             ... wielding a +0 flail
              (4 damage)
             ... on level 4 of the Dungeon.
             The game lasted 00:05:59 (3339 turns).

Exodus22XD the Magician (Deep Elf Conjurer)         Turns: 3339, Time: 00:05:59

Health: -2/28      AC:  5    Str:  7    XL:     5   Next: 57%
Magic:  17/17      EV: 12    Int: 25    God:
Gold:   109        SH:  0    Dex: 13    Spells: 16/19 levels left

rFire   . . .      SeeInvis .   g - +0 dagger
rCold   . . .      Faith    .   (no shield)
rNeg    . . .      Spirit   .   a - +0 robe
rPois   .          Reflect  .   (no helmet)
rElec   .          Harm     .   h - +2 cloak of Qazlal's Favour {Regen+ Str+3}
rCorr   .          Rampage  .   (no gloves)
Will    .....                   (no boots)
Stlth   ++........              (no amulet)
HPRegen 0.89/turn               (no ring)
MPRegen 0.15/turn               (no ring)

@: no status effects
A: no striking features
a: no special abilities


You were on level 4 of the Dungeon.
You visited 1 branch of the dungeon, and saw 4 of its levels.

You collected 109 gold pieces.

Inventory:

Hand Weapons
 g - a +0 dagger (weapon)
Armour
 a - a +0 robe (worn)
 h - the +2 cloak of Qazlal's Favour (worn) {Regen+ Str+3}
   (You found it on level 2 of the Dungeon)

   Str:       It affects your strength (+3).
   Regen:     It increases your rate of health regeneration.
Scrolls
 d - 3 scrolls of identify {unknown}
 f - a scroll of noise {unknown}
 i - a scroll of blinking {unknown}
 j - a scroll of enchant weapon {unknown}
 k - a scroll of teleportation {unknown}
 l - a scroll of vulnerability {unknown}
 n - a scroll of summoning {unknown}
Potions
 b - 2 potions of magic
 m - a potion of heal wounds {unknown}
 o - 2 potions of lignification


   Skills:
 - Level 2.4 Dodging
 - Level 2.4 Stealth
 + Level 7.9 Spellcasting
 - Level 4.3 Conjurations


You had 16 spell levels left.
You knew the following spells:

 Your Spells              Type           Power      Damage    Failure   Level
a - Magic Dart            Conj           100%       1d8       1%          1
b - Searing Ray           Conj           62%        2d6       1%          2

Your spell library contained the following spells:

 Spells                   Type           Power      Damage    Failure   Level
 Dazzling Flash           Conj/Hex       40%        N/A       8%          3
 Ozocubu's Armour         Ice            9%         N/A       19%         3
 Fulminant Prism          Conj/Hex       10%        3d9       24%         4
 Iskenderun's Mystic Bla  Conj/Tloc      20%        2d6       24%         4
 Ozocubu's Refrigeration  Ice            4%         4d5       100%        7


Dungeon Overview and Level Annotations

Branches:
Dungeon (4/15)
 Temple: D:4-7

Altars:
Yredelemnul

Shops:
D:2 (

Annotations:
D:4 1 runed translucent door, Crazy Yiuf


Message History

You bump into the rock wall.
The orc hits you with a +0 flail.
You hear some strange, mumbled words.
A puff of flame appears from out of thin air!
The puff of flame hits you.
You hit the orc but do no damage. The orc hits you with a +0 flail.
* * * LOW HITPOINT WARNING * * *
Something hits you.
* * * LOW HITPOINT WARNING * * *
You miss something. The orc hits you with a +0 flail.
* * * LOW HITPOINT WARNING * * *
Something hits you but does no damage.
You bump into the rock wall.
The orc barely misses you. Something hits you.
* * * LOW HITPOINT WARNING * * *
You barely miss something. The orc hits you with a +0 flail.
* * * LOW HITPOINT WARNING * * *
You hear some strange, mumbled words.
You are more confused.
It was a potion of magic.
Magic courses through your body. The orc closely misses you.
Something completely misses you.
It was a potion of lignification.
You turn into a tree.
The +2 cloak of Qazlal's Favour {Regen+ Str+3} melds into your body.
Your +0 robe melds into your body.
Your roots penetrate the ground.
The orc barely misses you. Something hits you but does no damage.
It was a potion of flight.
Your roots keep you in place.
The orc hits you but does no damage. Something hits you.
* * * LOW HITPOINT WARNING * * *
It was a potion of haste.
You feel yourself speed up. The orc hits you but does no damage.
Something hits you but does no damage.
You cannot move. (Use ctrl+direction or * direction to attack without moving.)
You cannot move. (Use ctrl+direction or * direction to attack without moving.)
You cannot move. (Use ctrl+direction or * direction to attack without moving.) It was a potion of cancellation.
Your magical effects are unravelling.
You feel magically purged.
You feel less wooden.
The +2 cloak of Qazlal's Favour {Regen+ Str+3} unmelds from your body.
Your +0 robe unmelds from your body.
You feel yourself slow down.
You feel less confused. The orc hits you with a +0 flail.
You die...

############
...)...).o@#
.#########{#
#.# #.# #.#
#.#
#######.# #
#.......#
#.#.#######


You could see an orc.

Vanquished Creatures
  A bullfrog skeleton (D:4)
  2 orc priests (D:4)
  4 adders
  A white imp (D:3)
  A worm (D:2)
  2 dart slugs
  9 orcs
  10 bats
  4 endoplasms
  2 giant cockroaches (D:1)
  3 goblins
  5 hobgoblins
  5 quokkas
  3 ball pythons
  A ball python skeleton (D:2)
  A ball python zombie (D:2)
  4 frilled lizards
  5 kobolds
  4 rats
67 creatures vanquished.

Notes
Turn   | Place    | Note
-------+----------+-------------------------------------------
     0 | D:1      | Exodus22XD the Deep Elf Conjurer began the quest for the
                  | Orb.
     0 | D:1      | Reached XP level 1. HP: 10/10 MP: 6/6
   269 | D:1      | Reached skill level 4 in Spellcasting
   269 | D:1      | Reached XP level 2. HP: 15/15 MP: 5/9
   272 | D:1      | Learned a level 2 spell: Searing Ray
   964 | D:2      | Reached XP level 3. HP: 19/19 MP: 8/11
  1038 | D:2      | Found a faded altar of an unknown god.
  1090 | D:2      | Reached skill level 5 in Spellcasting
  1102 | D:2      | Identified the +2 cloak of Qazlal's Favour {Regen+ Str+3}
  1335 | D:2      | Found Doyseit's Weapon Emporium.
  1898 | D:3      | Reached skill level 6 in Spellcasting
  1898 | D:3      | Reached XP level 4. HP: 24/24 MP: 5/14
  2679 | D:4      | Reached skill level 7 in Spellcasting
  2684 | D:4      | Reached XP level 5. HP: 23/28 MP: 5/16
  2960 | D:4      | Found a basalt altar of Yredelemnul.
  3040 | D:4      | Found a runed translucent door.
  3041 | D:4      | Noticed Crazy Yiuf
  3334 | D:4      | HP: 1/28 [orc/+0 flail (4)]
  3339 | D:4      | Slain by an orc

Illustrated notes

Levels and vault maps discovered:
D:1:      ebering_trefoil_twist, layout_loops_ring, minmay_tromino_i2
D:2:      layout_basic, serial_undead, serial_undead_e, serial_undead_a,
          serial_undead_b, serial_undead_c, serial_shops,
          nicolae_shop_bloodbath_and_beyond,
          dreamdust_ecumenical_altar_angels_and_demons,
          kennysheep_generic_room_3
D:3:      layout_basic, minmay_misc_feat_x, minivault_14,
          nicolae_elevator_lobby_plus
D:4:      layout_loops_ring, mainiacjoe_overflow_cross_hatched,
          uniq_crazy_yiuf_cottage

Skill      XL: |  1  2  3  4 |
---------------+-------------+-----
Spellcasting   | 4 6 7 |  7.9
Dodging        | |  2.4
Stealth        | |  2.4
Conjurations   | |  4.3

Action                   |  1- 3 |  4- 6 || total
-------------------------+-------+-------++-------
Melee: Dagger            |       |     8 ||     8
 Cast: Magic Dart        |    71 |    61 ||   132
       Searing Ray       |     1 |     6 ||     7
  Use: Potion            |       |     5 ||     5
Armor: Robe              |     4 |     7 ||    11
       Skin              |       |     4 ||     4
Dodge: Dodged            |     2 |    11 ||    13
